AoeStats
← Vagatela

Arena

511018599Analyzed
4v4 RM · 9h ago on Oct 3, 2026· 12m 23s· 8 players
Game mode
Random Map
Map size
Large (8 player)
Population
200
Speed
Normal
Resources
Standard
Victory
Conquest
Starting age
Dark Age
Ending age
Imperial Age
RankedLock teamsTeams togetherTeam positionsShared explorationLock speedFull tech treeHidden civsTurbo modeCheats
Victory
Defeat
🇹🇼 Persians · Taiwan
1284
+16
🇨🇭 Mongols · Switzerland
1274
+16
🇹🇼 Spanish · Taiwan
1273
+16
🇻🇳 Teutons · Vietnam
1260
+17
🇲🇽 Muisca · Mexico
1315
-18
🇺🇸 Saracens · United States
1299
-17
🇦🇷 Romans · Argentina
1255
-15
🇦🇷 Celts · Argentina
1248
-15
LocalMomsHelper
10:34 Feudal Age
14:12 Castle Age
12:17 Double-Bit Axe
12:13 Horse Collar
Pancho
10:42 Feudal Age
fox0503
10:58 Feudal Age
11:56 Loom
14:51 Castle Age
dongquangthang
8:55 Feudal Age
8:08 Loom
9:33 Double-Bit Axe
IDWARE21
10:45 Feudal Age
14:47 Castle Age
Avila1997
4:20 Loom
10:30 Feudal Age
DiegoArmando
9:52 Feudal Age
9:27 Loom
10:24 Town Watch
Vagatela
2:43 Loom
11:55 Feudal Age
Connection lost

Rejoining the realm…

Still unreachable

The connection could not be restored.

Session expired

The server has moved on; the page needs a fresh start.